 Dungeon Crawl Stone Soup version 0.29.1-13-g9f3cf754e1 (webtiles) character file.

Game seed: 3440820156227378744

405 jondo1214 the Grave Robber (level 6, -2/48 HPs)
             Began as a Hill Orc Necromancer on Jan 28, 2023.
             Was an Initiate of Beogh.
             Slain by Blork the orc
             ... wielding a +0 halberd
              (25 damage)
             ... on level 5 of the Dungeon.
             The game lasted 00:19:41 (4036 turns).

jondo1214 the Grave Robber (Hill Orc Necromancer)   Turns: 4036, Time: 00:19:41

Health: -2/48      AC:  7    Str: 11    XL:     6   Next: 87%
Magic:  10/19      EV: 12    Int: 17    God:    Beogh [......]
Gold:   224        SH:  0    Dex: 11    Spells: 6/10 levels left

rFire   . . .      SeeInvis .   m - staff of death
rCold   . . .      Faith    .   l - orb {*channel}
rNeg    + . .      Spirit   .   a - +0 robe
rPois   .          Reflect  .   (no helmet)
rElec   .          Harm     .   p - +2 cloak
rCorr   .          Rampage  .   (no gloves)
Will    .....                   n - +1 pair of boots
Stlth   ++........              g - amulet of regeneration
HPRegen 0.96/turn               i - ring of magical power
MPRegen 0.16/turn               (no ring)

@: no status effects
A: no striking features
a: Renounce Religion


You were on level 5 of the Dungeon.
You worshipped Beogh.
Beogh was noncommittal.
You visited 1 branch of the dungeon, and saw 5 of its levels.

You collected 224 gold pieces.

Inventory:

Hand Weapons
 c - a +0 mace
 s - a +0 broad axe
Armour
 a - a +0 robe (worn)
 l - an orb of energy (worn)
 n - a +1 pair of boots (worn)
 p - a +2 cloak (worn)
Magical Staves
 e - a staff of earth
 m - a staff of death (weapon)
Jewellery
 g - an amulet of regeneration (around neck)
 i - a ring of magical power (left hand)
 o - an amulet of regeneration
Scrolls
 d - a scroll of teleportation
 f - a scroll of noise
 j - a scroll of blinking
 u - a scroll of fear
 v - a scroll of magic mapping
Potions
 b - a potion of magic
 h - 2 potions of degeneration {unknown}
 k - 3 potions of heal wounds
 q - a potion of invisibility {unknown}
 r - a potion of berserk rage {unknown}
 t - a potion of resistance
 w - a potion of lignification {unknown}


   Skills:
 * Level 1.8 Fighting
 + Level 0.4(1.0) Maces & Flails
 + Level 1.0(1.1) Staves
 * Level 2.8 Dodging
 + Level 1.7 Stealth
 * Level 2.9 Spellcasting
 * Level 5.5 Necromancy
 * Level 1.9 Evocations


You had 6 spell levels left.
You knew the following spells:

 Your Spells              Type           Power      Damage    Failure   Level
a - Necrotise             Necr           100%       1d9       1%          1
b - Vampiric Draining     Necr           32%        2d8       5%          3

Your spell library contained the following spells:

 Spells                   Type           Power      Damage    Failure   Level
 Sandblast                Erth           4%         2d4       19%         1
 Animate Dead             Necr           32%        N/A       19%         4
 Agony                    Necr           32%        N/A       45%         5
 Stone Arrow              Conj/Erth      4%         3d7       47%         3
 Iron Shot                Conj/Erth      1%         9d1       100%        6
 Lehudib's Crystal Spear  Conj/Erth      1%         10d2      100%        8


Dungeon Overview and Level Annotations

Branches:
Dungeon (5/15)             Temple (0/1) D:4

Altars:
Elyvilon
Trog
Xom

Shops:
D:3 (

Annotations:
D:5 Blork the orc, Pikel


Message History

The lemure is lightly wounded.
Blork the orc hits you from afar with a +0 halberd!
Blork the orc drinks a potion.
Blork the orc seems to grow stronger.
Casting: Necrotise (safe; 1% risk of failure)
Confirm with . or Enter, or press ? or * to list all spells.
Aiming: Vampiric Draining (dangerous; 5% risk of failure)
Press: ? - help, Shift-Dir - straight line, f - Pikel, p - Blork the orc
Aim: Pikel, wielding a +0 whip of flaming and wearing a +0 robe You feel a surge of power!
You draw life force from Pikel!
You feel life coursing into your body.
Blork the orc casts a cantrip, but nothing happens.
Pikel hits you with a +0 whip of flaming.
Pikel burns you.
Casting: Vampiric Draining (dangerous; 5% risk of failure)
Confirm with . or Enter, or press ? or * to list all spells.
Aiming: Vampiric Draining (dangerous; 5% risk of failure)
Press: ? - help, Shift-Dir - straight line, f/p - Pikel
Aim: Pikel, wielding a +0 whip of flaming and wearing a +0 robe (moderately wounded)
You feel a surge of power!
You draw life force from Pikel.
You feel life coursing into your body. Pikel hits you but does no damage.
Blork the orc misses you.
Casting: Vampiric Draining (dangerous; 5% risk of failure)
Confirm with . or Enter, or press ? or * to list all spells.
Aiming: Vampiric Draining (dangerous; 5% risk of failure)
Press: ? - help, Shift-Dir - straight line, f/p - Pikel
Aim: Pikel, wielding a +0 whip of flaming and wearing a +0 robe (moderately wounded)
You feel a surge of power!
You draw life force from Pikel!
You feel life coursing into your body. Pikel misses you.
Blork the orc closely misses you.
You hit Pikel.
Pikel is severely wounded.
Pikel hits you with a +0 whip of flaming.
Pikel burns you.
Blork the orc hits you from afar with a +0 halberd!
You hit Pikel but do no damage.
Pikel writhes in agony.
Pikel is almost dead.
Blork the orc hits you from afar with a +0 halberd!!
Ouch! That really hurt!
You die...
Beogh appreciates Blork the orc's killing of a heretic priest.

### #### #.##...##
...# #.#.....# ....##
#.......# .....#
#.....# .....##
##...## ......#
###.....##
.....####....##.@#####
....###...#######K5..#
...#....### #.5ow...#
.....#### #..?......#
...### #..........#
#..# #........!.# #..#
#..........# #..#
#..........# #..##
##.........#


You could see Pikel, Blork the orc (strong), a lemure and a dart slug.

Vanquished Creatures
  A black bear (D:4)
  A phantom (D:4)
  Jessica (D:2)
  6 orc wizards
  2 adders (D:4)
  An ufetubus (D:4)
  A worm (D:2)
  A dart slug (D:2)
  3 orcs
  An endoplasm (D:2)
  3 giant cockroaches
  4 goblins
  8 hobgoblins
  2 jackals (D:1)
  5 kobolds
  2 quokkas
  6 ball pythons
  2 bats
  2 frilled lizards (D:1)
  3 rats
55 creatures vanquished.

Vanquished Creatures (others)
  An orc wizard (D:4)
  An orc (D:4)
  2 goblins (D:4)
  A kobold (D:4)
  33 plants (D:4)
38 creatures vanquished.

Grand Total: 93 creatures vanquished

Notes
Turn   | Place    | Note
-------+----------+-------------------------------------------
     0 | D:1      | jondo1214 the Hill Orc Necromancer began the quest for the
                  | Orb.
     0 | D:1      | Reached XP level 1. HP: 14/14 MP: 3/3
   149 | D:1      | Reached XP level 2. HP: 20/20 MP: 0/4
   150 | D:1      | Got the Spellbook of the Mountains
  1263 | D:2      | Noticed Jessica
  1270 | D:2      | Killed Jessica
  1271 | D:2      | Reached XP level 3. HP: 21/27 MP: 6/6
  1295 | D:2      | Learned a level 3 spell: Vampiric Draining
  1453 | D:2      | Identified a scroll of acquirement
  1453 | D:2      | Acquired a staff of death
  1899 | D:3      | Reached XP level 4. HP: 34/34 MP: 7/7
  1929 | D:3      | Found a bloodstained altar of Trog.
  2130 | D:3      | Found Ocyoggagu's Antique Weapon Emporium.
  2525 | D:4      | Found a staircase to the Ecumenical Temple.
  2528 | D:4      | Found a white marble altar of Elyvilon.
  2556 | D:4      | Noticed a phantom
  2661 | D:4      | Noticed a black bear
  2668 | D:4      | Became a worshipper of Beogh the Brigand
  2672 | D:4      | Killed a black bear
  2673 | D:4      | Reached skill level 1 in Fighting
  2673 | D:4      | Reached skill level 5 in Necromancy
  2673 | D:4      | Reached skill level 1 in Evocations
  2673 | D:4      | Reached XP level 5. HP: 22/40 MP: 4/8
  2689 | D:4      | Found a shimmering altar of Xom.
  3079 | D:4      | Reached XP level 6. HP: 32/47 MP: 9/10
  3105 | D:4      | Reached skill level 1 in Staves
  3804 | D:5      | Entered Level 5 of the Dungeon
  4027 | D:5      | Noticed Pikel
  4027 | D:5      | Noticed Blork the orc
  4036 | D:5      | Slain by Blork the orc

Illustrated notes

Levels and vault maps discovered:
D:1:      dpeg_arrival_boxorama, layout_basic, serial_curves, eino_curves_02,
          eino_curves_04
D:2:      layout_rooms, uniq_jessica
D:3:      layout_basic, mainiacjoe_overflow_surrounded_room, serial_shops,
          nicolae_shop_trees, corexii_corridor_pit
D:4:      layout_layer_cave, mainiacjoe_overflow_alcove_1, xom_teletrap_fun,
          temple_statues, serial_bayou, serial_bayou_lagoon_a,
          serial_bayou_pond_d, serial_bayou_pond_e, serial_bayou_lagoon_b,
          minmay_goblin_kobold_house
D:5:      layout_cave_pods, nzn_wu_jian_contemplation, st_stairs_4, uniq_pikel,
          uniq_blork_the_orc

Skill      XL: |  1  2  3  4  5  6 |
---------------+-------------------+-----
Spellcasting   | 2 |  2.9
Fighting       | 1 |  1.8
Dodging        | 2 |  2.8
Necromancy     | 5 |  5.5
Evocations     | 1 |  1.9
Staves         | 1 |  1.0
Maces & Flails | |  0.4
Stealth        | |  1.7

Action                   |  1- 3 |  4- 6 || total
-------------------------+-------+-------++-------
Melee: Mace              |    35 |    17 ||    52
       Staff             |    13 |   147 ||   160
 Cast: Necrotise         |    34 |    21 ||    55
       Vampiric Draining |     1 |    14 ||    15
Invok: Convert to Beogh  |       |     1 ||     1
  Use: Scroll            |     9 |     4 ||    13
       Potion            |       |     1 ||     1
 Stab: Sleeping          |     2 |     1 ||     3
Armor: Robe              |    15 |   129 ||   144
Dodge: Dodged            |    37 |   143 ||   180
